 Dungeon Crawl Stone Soup version 0.26-a0-70-g31f1466007 (webtiles) character file.

Game seed: 9162884294209233834

10372 vurker the Fortune-Teller (level 11, -2/87 HPs)
             Began as a Demonspawn Skald on June 13, 2020.
             Was a Believer of Nemelex Xobeh.
             Slain by a yak (7 damage)
             ... on level 11 of the Dungeon.
             The game lasted 00:24:52 (13882 turns).

vurker the Fortune-Teller (Demonspawn Skald)       Turns: 13882, Time: 00:24:52

Health: -2/87      AC: 15    Str: 19    XL:     11   Next: 35%
Magic:  19/19      EV: 10    Int: 15    God:    Nemelex Xobeh [**....]
Gold:   533        SH:  5    Dex: 13    Spells: 21/21 levels left

rFire    + . .     SeeInvis .   b - +1 flail (drain)
rCold    + . .     Gourm    .   l - +0 buckler
rNeg     . . .     Faith    .   A - +6 scale mail of Ennui {Str+5}
rPois    .         Spirit   .   (no helmet)
rElec    .         Reflect  .   (no cloak)
rCorr    .         Harm     .   w - +0 pair of gloves
MR       .....                  (no boots)
Stlth    ..........             p - amulet of the acrobat
HPRegen  1.24/turn              c - ring of protection from fire
MPRegen  0.16/turn              i - ring of protection from cold

@: no status effects
A: hooves 1, molten scales 1, powered by death 1
a: Draw Escape, Draw Destruction, Draw Summoning, Renounce Religion


You were on level 11 of the Dungeon.
You worshipped Nemelex Xobeh.
Nemelex Xobeh was pleased with you.
You were very hungry.

You visited 2 branches of the dungeon, and saw 12 of its levels.

You collected 533 gold pieces.

Inventory:

Hand Weapons
 a - a +2 whip of electrocution
   (You took it off Pikel on level 5 of the Dungeon)
 b - a +1 flail of draining (weapon)
   (You took it off an orc on level 3 of the Dungeon)
 C - the cursed +1 long sword "Ytsuxucs" {flame, +Inv rElec rN+ Dex-5}
   (You took it off an orc on level 10 of the Dungeon)

   It has been specially enchanted to burn those struck by it, causing extra
   injury to most foes and up to half again as much damage against particularly
   susceptible opponents.
   Big, fiery blades are also staple armaments of hydra-hunters.
   It affects your dexterity (-5).
   It insulates you from electricity.
   It protects you from negative energy.
   It lets you turn invisible.
   It has a curse placed upon it.
Armour
 l - a +0 buckler (worn)
   (You found it on level 2 of the Dungeon)
 w - a +0 pair of gloves (worn)
   (You found it on level 7 of the Dungeon)
 A - the +6 scale mail of Ennui (worn) {Str+5}
   (You found it on level 9 of the Dungeon)

   It affects your strength (+5).
Jewellery
 c - a ring of protection from fire (left hand)
   (You found it on level 6 of the Dungeon)
 i - a ring of protection from cold (right hand)
   (You found it on level 4 of the Dungeon)
 p - an amulet of the acrobat (around neck)
   (You found it on level 5 of the Dungeon)
 E - an uncursed ring of positive energy
   (You found it on level 10 of the Dungeon)
Wands
 s - a wand of enslavement (10)
   (You found it on level 7 of the Dungeon)
 u - a wand of paralysis (3)
   (You took it off Pikel on level 5 of the Dungeon)
Scrolls
 h - a scroll of identify
 j - 2 scrolls of fear
 k - a scroll of enchant armour
 m - 4 scrolls of teleportation
 o - 2 scrolls of blinking
 q - 3 scrolls of magic mapping
 t - 4 scrolls of remove curse
 B - a scroll of enchant weapon
Potions
 f - 2 potions of flight
 g - 4 potions of curing
 n - 2 potions of heal wounds
 r - a potion of mutation {unknown}
 v - a potion of resistance
 x - a potion of cancellation {unknown}
 z - 2 potions of might
 D - a potion of lignification
Comestibles
 e - 20 rations


   Skills:
 + Level 8.6 Fighting
   Level 7.9(9.4) Axes
 * Level 8.0(9.5) Maces & Flails
 - Level 0.8 Armour
 - Level 1.7 Dodging
 - Level 4.0 Shields
 + Level 5.9 Spellcasting
   Level 2.6 Charms
 * Level 9.2 Invocations


You had 21 spell levels left.
You didn't know any spells.
Your spell library contained the following spells:

 Spells                   Type           Power        Failure   Level  Hunger
 Infusion                 Chrm           ##..         16%         1    None
 Song of Slaying          Chrm           ##......     22%         2    #......
 Shroud of Golubria       Chrm/Tloc      #.....       36%         2    #......
 Animate Skeleton         Necr           N/A          43%         1    None
 Foxfire                  Conj/Fire      #...         43%         1    None
 Magic Dart               Conj           #...         43%         1    None
 Pain                     Necr           #...         43%         1    None
 Summon Small Mammal      Summ           #...         43%         1    None
 Call Imp                 Summ           #.......     56%         2    #......
 Searing Ray              Conj           #.....       56%         2    #......
 Ozocubu's Armour         Chrm/Ice       #.......     61%         3    ###....
 Spectral Weapon          Hex/Chrm       #.......     61%         3    ###....
 Call Canine Familiar     Summ           #.......     80%         3    ###....
 Conjure Flame            Conj/Fire      #.......     80%         3    ###....
 Dazzling Flash           Conj/Hex       #.....       80%         3    ###....
 Inner Flame              Hex/Fire       #.......     80%         3    ###....
 Summon Guardian Golem    Hex/Summ       #.......     80%         3    ###....
 Vampiric Draining        Necr           #.........   80%         3    ###....
 Animate Dead             Necr           N/A          99%         4    ####...
 Fulminant Prism          Conj/Hex       #.........   99%         4    ####...
 Iskenderun's Mystic Bla  Conj/Tloc      #.......     99%         4    ####...
 Sticky Flame             Conj/Fire      #.......     99%         4    ####...
 Summon Ice Beast         Ice/Summ       #.......     99%         4    ####...
 Summon Lightning Spire   Summ/Air       #.......     99%         4    ####...
 Agony                    Necr           #.......     100%        5    ######.
 Fireball                 Conj/Fire      #.........   100%        5    ######.


Dungeon Overview and Level Annotations

Branches:
Dungeon (11/15)            Temple (1/1) D:7            Lair (0/6) D:8
    Orc: D:9-12

Altars:
Ashenzari
Cheibriados
Dithmenos
Elyvilon
Fedhas
Gozag
Hepliaklqana
Kikubaaqudgha
Makhleb
Nemelex Xobeh
Okawaru
Qazlal
Ru
Sif Muna
Trog
Uskayaw
Vehumet
Wu Jian
Xom
Yredelemnul
Zin
The Shining One

Shops:
D:11 (


Innate Abilities, Weirdness & Mutations

You have large cloven feet.
You are partially covered in molten scales. (AC +2)
You regenerate a little health from kills.


Message History

The black bear claws you but does no damage.
The black bear closely misses you. You block the yak's attack.
You feel much better. The yak misses you. The black bear closely misses you.
The black bear claws you but does no damage.
The black bear barely misses you. The yak gores you but does no damage.
The yak closely misses you.
You barely miss the black bear. You block the black bear's attack.
The black bear barely misses you.
The black bear claws you but does no damage.
The yak gores you.
* * * LOW HITPOINT WARNING * * *
The yak gores you but does no damage.
Unknown command.
Unknown command.
You sock the black bear!
You kill the black bear!
The yak gores you but does no damage. The yak closely misses you.
The yak gores you but does no damage.
The mass of ice explodes!
The iceblast engulfs the yak! x2
You hear a howl!
The yak gores you but does no damage. The yak gores you.
* * * LOW HITPOINT WARNING * * *
The yak gores you but does no damage.
Unknown command.
The mass of ice explodes!
The iceblast engulfs the yak!
The iceblast engulfs the yak.
You block the yak's attack. The yak barely misses you. The yak gores you.
* * * LOW HITPOINT WARNING * * *
Unknown command.
The mass of ice explodes!
The iceblast engulfs the yak! x2
You hear a shout!
The yak gores you.
* * * LOW HITPOINT WARNING * * *
The yak gores you.
* * * LOW HITPOINT WARNING * * *
The yak gores you but does no damage.
Unknown command.
You hit the yak. You kick the yak, but do no damage.
You block the yak's attack. The yak gores you.
* * * LOW HITPOINT WARNING * * *
The yak gores you!
* * * LOW HITPOINT WARNING * * *
The mass of ice explodes!
The iceblast engulfs the yak!
You kill the yak!
The iceblast engulfs the yak!
You kill the yak!
Your base Maces & Flails skill increases to level 8!
The now-empty wand crumbles to dust.
The yak gores you!
You die...
Your body glows slightly and disappears.

#... ##.#.#..######..
#...### #...............
#...... #.#.#..######..
#.!....###.#.#.<# #∩.
#...............# #..
#...###......#..# #..
#...###......#..######..
#.......................
#....%.@Y...............
#......[................
#...##.......#...###.###
#... #.......#...# #. #
#.. .......... .. . #.
........... ## ##
##.#.#...#. .. .....#


You could see a yak.

Vanquished Creatures
  An unseen horror (D:10)
  Pikel (D:5)
  A gargoyle (D:10)
  A komodo dragon (D:8)
  2 trolls
  2 hornets
  5 hippogriffs
  Sigmund (D:3)
  A shadow (D:11)
  6 yaks
  A human (D:7)
  2 hungry ghosts
  3 hogs (D:7)
  A water moccasin (D:10)
  Duvessa (D:5)
  An orc warrior (D:9)
  3 sky beasts
  4 phantoms
  2 black bears
  2 slaves
  An eye of draining (D:10)
  3 ogres
  A centaur (D:9)
  2 big kobolds
  Blork the orc (D:4)
  3 bullfrogs
  A gnoll sergeant (D:8)
  Dowan (D:5)
  A wyvern zombie (D:10)
  A wyvern skeleton (D:9)
  8 killer bees
  2 scorpions
  7 wights
  A howler monkey (D:6)
  4 crimson imps
  2 bullfrog zombies
  7 hounds
  2 quasits
  11 orc wizards
  A bullfrog skeleton (D:5)
  3 orc priests
  Ijyb (D:5)
  2 centaur skeletons (D:10)
  4 iguanas
  3 worker ants
  2 hound skeletons
  A hound zombie (D:9)
  A howler monkey zombie (D:10)
  8 gnolls
  17 adders
  2 shadow imps (D:7)
  A white imp (D:10)
  2 worms
  3 dart slugs
  2 leopard geckos
  45 orcs
  A ball python (D:1)
  6 giant cockroaches
  14 goblins
  11 hobgoblins
  5 quokkas
  6 bats
  6 frilled lizards
  20 kobolds
  11 rats
278 creatures vanquished.

Vanquished Creatures (collateral kills)
  A two-headed ogre (D:10)
  3 killer bees (D:9)
  An orc wizard (D:8)
  An orc (D:8)
6 creatures vanquished.

Vanquished Creatures (others)
  A leopard gecko (D:5)
  3 plants (D:8)
4 creatures vanquished.

Grand Total: 288 creatures vanquished

Notes
Turn   | Place    | Note
-------+----------+-------------------------------------------
     0 | D:1      | vurker the Demonspawn Skald began the quest for the Orb.
     0 | D:1      | Reached XP level 1. HP: 16/16 MP: 3/3
   373 | D:1      | Gained mutation: You regenerate a little health from kills.
                  | [demonic ancestry]
   373 | D:1      | Reached XP level 2. HP: 16/22 MP: 5/5
  1444 | D:2      | Reached XP level 3. HP: 25/28 MP: 6/6
  1502 | D:2      | Found an ornate altar of the Wu Jian Council.
  2001 | D:2      | Found a glowing silver altar of Zin.
  2042 | D:2      | Reached XP level 4. HP: 34/34 MP: 7/7
  2779 | D:3      | You fall into a shaft and drop 2 floors!
  2779 | D:5      | Entered Level 5 of the Dungeon
  2796 | D:4      | Noticed Blork the orc
  2822 | D:4      | Killed Blork the orc
  2822 | D:4      | Reached skill level 1 in Shields
  2822 | D:4      | Gained mutation: You are partially covered in molten
                  | scales. (AC +2) [demonic ancestry]
  2822 | D:4      | Reached XP level 5. HP: 12/41 MP: 8/8
  3324 | D:3      | Noticed a phantom
  3336 | D:3      | Reached XP level 6. HP: 42/48 MP: 9/9
  3668 | D:3      | Reached skill level 5 in Axes
  3779 | D:3      | Gained mutation: You have large cloven feet. [demonic
                  | ancestry]
  3779 | D:3      | Reached XP level 7. HP: 37/54 MP: 10/10
  4032 | D:3      | Noticed Sigmund
  4042 | D:3      | Killed Sigmund
  5640 | D:5      | Noticed Ijyb
  5654 | D:5      | Killed Ijyb
  5717 | D:5      | Reached skill level 5 in Fighting
  5791 | D:5      | Found an iron altar of Okawaru.
  5797 | D:5      | Found a glowing golden altar of the Shining One.
  5800 | D:5      | Found a shattered altar of Ashenzari.
  5818 | D:5      | Noticed Pikel
  5892 | D:5      | Reached XP level 8. HP: 59/62 MP: 11/11
  5925 | D:5      | Noticed Duvessa
  5925 | D:5      | Noticed Dowan
  5950 | D:5      | Killed Duvessa
  5959 | D:5      | Killed Dowan
  6103 | D:5      | Paralysed by Pikel for 2 turns
  6127 | D:5      | Killed Pikel
  6734 | D:6      | Reached skill level 1 in Maces & Flails
  7358 | D:6      | Reached XP level 9. HP: 69/69 MP: 12/12
  8330 | D:7      | Paralysed by a hornet for 3 turns
  8575 | D:7      | Found a staircase to the Ecumenical Temple.
  8591 | Temple   | Entered the Ecumenical Temple
  8635 | Temple   | Became a worshipper of Nemelex Xobeh the Trickster
  8771 | D:7      | Reached skill level 1 in Invocations
  8896 | D:7      | Received a gift from Nemelex Xobeh
  8984 | D:7      | Reached skill level 2 in Invocations
  8991 | D:7      | Reached skill level 3 in Invocations
  9005 | D:7      | Reached skill level 5 in Maces & Flails
  9024 | D:7      | Reached skill level 4 in Invocations
  9242 | D:7      | Reached XP level 10. HP: 64/79 MP: 16/16
  9998 | D:8      | Found a staircase to the Lair.
 10051 | D:8      | Found a burning altar of Makhleb.
 10082 | D:8      | Reached skill level 5 in Invocations
 10356 | D:8      | Reached * piety under Nemelex Xobeh
 10650 | D:8      | Reached skill level 6 in Invocations
 10948 | D:9      | Found a shimmering altar of Xom.
 10983 | D:9      | Reached skill level 5 in Spellcasting
 11102 | D:9      | Found a snail-covered altar of Cheibriados.
 11392 | D:9      | Received a gift from Nemelex Xobeh
 11718 | D:9      | Got a scorched scale mail
 11729 | D:9      | Identified the +6 scale mail of Ennui {Str+5} (You found it
                  | on level 9 of the Dungeon)
 11776 | D:9      | Found a radiant altar of Vehumet.
 11836 | D:9      | Reached skill level 7 in Invocations
 12327 | D:10     | Entered Level 10 of the Dungeon
 12412 | D:10     | Reached ** piety under Nemelex Xobeh
 12509 | D:10     | Noticed a two-headed ogre
 12521 | D:10     | Killed a two-headed ogre
 12644 | D:10     | Received a gift from Nemelex Xobeh
 12675 | D:10     | Reached skill level 8 in Invocations
 12713 | D:10     | Identified the cursed +1 long sword "Ytsuxucs" {flame, +Inv
                  | rElec rN+ Dex-5}
 12721 | D:10     | Reached XP level 11. HP: 86/86 MP: 19/19
 13114 | D:10     | Killed an unseen horror
 13687 | D:11     | Found Saqaf's Weapon Shoppe.
 13728 | D:11     | Reached skill level 9 in Invocations
 13881 | D:11     | HP: 4/87 [yak (10)]
 13882 | D:11     | Slain by a yak

Illustrated notes

Levels and vault maps discovered:
D:1:      minmay_arrival_four_circles, layout_basic
D:2:      minmay_angry_zag, layout_loops_ring, nicolae_overflow_crystal_walls,
          lemuel_crystal_altar, grunt_decor_fettered
D:3:      cheibrodos_helix_gallery, layout_loops_ring, first_ration,
          uniq_sigmund
D:4:      layout_basic, roderic_malta_cross, uniq_blork_the_orc
D:5:      layout_gridville, minmay_overflow_temple_star_quad,
          minmay_lizard_king, uniq_ijyb, uniq_duvessa, uniq_pikel
D:6:      layout_basic, kennysheep_generic_room_14
D:7:      layout_rooms, minmay_temple_entry_crystal_x, grunt_livestock
D:8:      layout_loops_ring, kennysheep_little_box, david_lair_shrubbed
D:9:      layout_loops_corners, cheibriados_altar_1, old_standard_altar,
          kennysheep_mini
D:10:     layout_stronghold, minmay_fire_ice_demons
D:11:     minmay_the_grid_triangle_9x9_line_8_mashed
          [minmay_the_grid_triangle_9x9_thin_v,
          minmay_the_grid_triangle_9x9_sparse_checkered,
          minmay_the_grid_triangle_9x9_windchime,
          minmay_the_grid_triangle_9x9_swiss_cheese,
          minmay_the_grid_triangle_9x9_fully_insulated_deathbox,
          minmay_the_grid_triangle_9x9_flanged_cone,
          minmay_the_grid_triangle_9x9_odd_lines,
          minmay_the_grid_triangle_9x9_prize_special], layout_basic,
          orc_david_3, serial_shops, shop, nicolae_shop_crystal,
          nicolae_shop_waterfront, shop, shop_fountains, lemuel_tele_altar
Temple:   nicolae_temple_god_jail

Skill      XL: |  1  2  3  4  5  6  7  8  9 10 11 |
---------------+----------------------------------+-----
Axes           | 2 3 4 5 6 7 |  7.9
Fighting       | 3 4 5 6 7 8 |  8.6
Shields        | 1 2 3 4 |  4.0
Maces & Flails | 2 5 7 8 |  8.0
Spellcasting   | 4 5 |  5.9
Invocations    | 4 8 9 |  9.2
Armour         | |  0.8
Dodging        | |  1.7
Charms         | |  2.6

Action                   |  1- 3 |  4- 6 |  7- 9 | 10-12 || total
-------------------------+-------+-------+-------+-------++-------
Melee: Hand axe          |   147 |    36 |       |       ||   183
       Flail             |       |   193 |   209 |   246 ||   648
       Kick              |       |       |   139 |   126 ||   265
       Whip              |       |       |   317 |   184 ||   501
Invok: Draw Destruction  |       |       |     3 |     4 ||     7
       Draw Summoning    |       |       |       |     3 ||     3
Evoke: Wand              |       |       |     3 |     7 ||    10
  Use: Potion            |       |     3 |     2 |     1 ||     6
       Scroll            |       |       |    12 |     3 ||    15
 Stab: Invisible         |       |     3 |       |       ||     3
       Paralysed         |       |       |     4 |     4 ||     8
  Eat: Chunk             |     4 |     6 |    16 |    11 ||    37
       Ration            |       |       |     2 |     1 ||     3
Armor: Leather armour    |    10 |       |       |       ||    10
       Plate armour      |    85 |   131 |   351 |    83 ||   650
       Skin              |       |     6 |    34 |       ||    40
       Scale mail        |       |       |       |   146 ||   146
Dodge: Dodged            |    26 |    44 |   138 |   180 ||   388
Block: Buckler           |     4 |    27 |   142 |    94 ||   267

Table legend:
 A = Non-vault XP
 B = Vault XP
 C = Vault XP percentage of total XP
 D = Non-vault monster count
 E = Vault monster count
 F = Vault count percentage of total count
                 A         B        C        D         E       F
            +---------+---------+-------+---------+---------+-------
      Total |   12124 |    2694 |  18.2 |     257 |      26 |   9.2
            +---------+---------+-------+---------+---------+-------
        D:1 |      36 |       0 |   0.0 |      25 |       0 |   0.0
        D:2 |      49 |      29 |  37.2 |      13 |       7 |  35.0
        D:3 |     517 |     226 |  30.4 |      54 |       3 |   5.3
        D:4 |     419 |      96 |  18.6 |      19 |       1 |   5.0
        D:5 |     132 |     939 |  87.7 |       7 |       6 |  46.2
        D:6 |     825 |       3 |   0.4 |      23 |       1 |   4.2
        D:7 |    1332 |    1004 |  43.0 |      22 |       5 |  18.5
        D:8 |    2125 |     336 |  13.7 |      27 |       1 |   3.6
        D:9 |    1266 |       0 |   0.0 |      27 |       0 |   0.0
       D:10 |    4209 |      61 |   1.4 |      33 |       2 |   5.7
       D:11 |    1214 |       0 |   0.0 |       7 |       0 |   0.0
            +---------+---------+-------+---------+---------+-------
